AoeStats
← Yaycub

Arena

504394703Analyzed
1v1 RM · 27d ago on Sep 5, 2026· 58m 25s· 2 players
Game mode
Random Map
Map size
Tiny (2 player)
Population
200
Speed
Normal
Resources
Standard
Victory
Conquest
Starting age
Dark Age
Ending age
Imperial Age
RankedLock teamsTeams togetherTeam positionsShared explorationLock speedFull tech treeHidden civsTurbo modeCheats
Victory
Defeat
🇪🇸 Spanish · Spain
1225
+15
🇨🇦 Spanish · Canada
1203
-15
Yaycub
10:37 Feudal Age
15:15 Castle Age
13:46 Double-Bit Axe
16:49 Fletching
17:57 Bodkin Arrow
20:21 Horse Collar
21:15 Heavy Plow
23:19 Bow Saw
24:57 Wheelbarrow
24:32 Gold Mining
29:05 Imperial Age
27:43 Elite Skirmisher
28:26 Padded Archer Armor
28:34 Thumb Ring
28:22 Town Watch
29:58 Hand Cart
31:16 Chemistry
30:59 Conscription
30:45 Bracer
34:11 Two-Man Saw
33:28 Leather Archer Armor
34:03 Ballistics
35:33 Pikeman
36:13 Squires
36:04 Halberdier
36:30 Gambesons
36:31 Arson
37:17 Ring Archer Armor
36:49 Scale Mail Armor
36:59 Forging
37:55 Town Patrol
37:41 Loom
39:29 Chain Mail Armor
43:33 Plate Mail Armor
43:38 Iron Casting
46:12 Hoardings
45:49 Masonry
48:02 Murder Holes
49:50 Architecture
o_Alex
10:56 Feudal Age
11:41 Double-Bit Axe
15:21 Castle Age
13:55 Horse Collar
16:09 Husbandry
17:45 Fervor
19:11 Stone Mining
21:26 Sanctity
24:23 Masonry
24:40 Bow Saw
26:06 Masonry
26:15 Heavy Plow
30:11 Imperial Age
27:30 Loom
27:33 Town Watch
28:39 Wheelbarrow
28:33 Town Patrol
28:51 Inquisition
29:08 Bloodlines
29:43 Hand Cart
30:30 Padded Archer Armor
30:35 Scale Barding Armor
30:41 Forging
31:55 Chemistry
31:26 Conscription
31:44 Hoardings
31:12 Gold Mining
32:35 Leather Archer Armor
32:40 Chain Barding Armor
34:01 Two-Man Saw
33:42 Supremacy
34:09 Architecture
34:24 Ring Archer Armor
34:29 Iron Casting
33:46 Fletching
34:20 Ballistics
34:38 Cavalier
35:22 Squires
36:19 Plate Barding Armor
36:11 Guilds
35:53 Pikeman
38:06 Blast Furnace
37:28 Block Printing
38:30 Bodkin Arrow
38:08 Paladin
40:34 Light Cavalry
41:57 Bracer
42:31 Elite Skirmisher
43:17 Thumb Ring
46:17 Sappers
48:59 Scale Mail Armor
51:38 Chain Mail Armor
52:50 Hussar
54:03 Plate Mail Armor
Connection lost

Rejoining the realm…

Still unreachable

The connection could not be restored.

Session expired

The server has moved on; the page needs a fresh start.